 Dungeon Crawl Stone Soup version 0.15-a0-1729-g99b9770 (webtiles) character file.

58 Aumanor the Magician (level 3, -1/19 HPs)
             Began as a Deep Elf Wizard on June 27, 2014.
             Succumbed to a kobold's poison
             ... on Level 3 of the Dungeon.
             The game lasted 00:07:47 (2074 turns).

Aumanor the Magician (Deep Elf Wizard)              Turns: 2074, Time: 00:07:47

HP  -1/19        AC  2     Str  9      XL: 3   Next: 76%
MP  21/21        EV 18     Int 23      God:
Gold 45          SH  0     Dex 18      Spells:  3 memorised,  4 levels left

rFire  + . .     SeeInvis .     f - +0 dagger
rCold  + . .     Clarity  .     r - +0 robe
rNeg   . . .     rCorr    .     (no shield)
rPois  +         rRot     .     b - +0 hat
rElec  +         Spirit   .     (no cloak)
SustAb .         Warding  .     (no gloves)
rMut   .         Stasis   .     (no boots)
Gourm  .                        l - cursed amulet of inaccuracy
MR     .....                    y - ring of magical power
                                q - ring of teleport control

@: mighty, agile, lethally poisoned, resistant, flying, very slightly
contaminated, invisible (expiring), not resistant to hostile enchantments,
fairly stealthy
A: no striking features
a: Evoke Teleport Control


You were on level 3 of the Dungeon.
You were not hungry.

You visited 1 branch of the dungeon, and saw 3 of its levels.

You collected 45 gold pieces.

Inventory:

Hand weapons
 f - a +0 dagger (weapon)
 x - a +0 vampiric cutlass
Armour
 a - a +0 robe
 b - a +0 hat (worn)
 r - a +0 robe (worn)
Comestibles
 d - 3 bread rations
 h - a slice of pizza
 p - a beef jerky
 u - a rotting chunk of worm flesh
 v - a meat ration
 C - a chunk of giant cockroach flesh
Scrolls
 e - 2 scrolls of random uselessness {unknown}
 i - a scroll of teleportation {unknown}
 j - a scroll of enchant weapon {unknown}
 m - 2 scrolls of noise {unknown}
 n - 2 scrolls of immolation {unknown}
 t - 2 scrolls of identify {unknown}
 B - a scroll of enchant armour {unknown}
Jewellery
 l - a cursed amulet of inaccuracy (around neck)
 q - a ring of teleport control (left hand)
 y - a ring of magical power (right hand)
Potions
 w - a potion of restore abilities
Books
 c - a book of Minor Magic

   Spells                             Type                      Level
   *Magic Dart                        Conjuration                  1
   *Blink                             Translocation                2
   Call Imp                           Summoning                    2
   Repel Missiles                     Charms/Air                   2
   Slow                               Hexes                        2
   Conjure Flame                      Conjuration/Fire             3
   *Mephitic Cloud                    Conjuration/Poison/Air       3


   Skills:
 - Level 2.4 Dodging
 - Level 2.4 Stealth
 - Level 4.4 Spellcasting
 * Level 3.9 Conjurations
   Level 1.1 Summonings
 - Level 1.1 Translocations
 + Level 0.7 Poison Magic


You had 4 spell levels left.
You knew the following spells:

 Your Spells              Type           Power        Failure   Level  Hunger
a - Magic Dart            Conj           ###.         1%          1    None
b - Blink                 Tloc           N/A          12%         2    None
c - Mephitic Cloud        Conj/Pois/Air  ##......     17%         3    ##.....


Dungeon Overview and Level Annotations

Branches:
Dungeon (3/15)

Altars:
Ashenzari

Annotations:
D:3 haldagan's ghost, average OgGl


Message History

* * * LOW HITPOINT WARNING * * *
You feel sick.
Drink which item? (? for menu, Esc to quit)
You feel much better.
You feel sick. Haldagan's ghost hits you.
Drink which item? (? for menu, Esc to quit)
You feel protected.
It was a potion of resistance.
You feel sick. Haldagan's ghost hits you!
* * * LOW HITPOINT WARNING * * *
The kobold shoots a poisoned needle.
The poisoned needle barely misses haldagan's ghost.
The poisoned needle hits you!
You are more poisoned.
* * * LOW HITPOINT WARNING * * *
You feel sick.
The kobold shoots a poisoned needle.
The poisoned needle hits haldagan's ghost!
Drink which item? (? for menu, Esc to quit)
You feel agile all of a sudden.
It was a potion of agility.
You flicker for a moment.
You die...

..####.##.....######
..K..................
......(.%(.(..W# #(#
######.(#####.# #.#
######K# #.# #.#
#......## #.###.#
#.......# #.....#
#.....W.## #####.#####
#....@...#######.#...#
#......#.......#.#.#.#
#......#.........#.#.#
#......#.......#.#.#.#
#......#.......#.#.#.#
#......#.......+...#.#
########.......#.###.#
#.......#.# #[.
#.......#.# ###


You could see haldagan's ghost and a kobold.

Vanquished Creatures
  3 worms
  6 hobgoblins
  4 jackals (D:1)
  A kobold (D:2)
  2 quokkas
  A ball python (D:2)
  5 bats
  4 giant cockroaches
  2 giant geckos
  3 giant newts
  4 goblins
  5 rats
40 creatures vanquished.

Vanquished Creatures (others)
  A bat (D:3)
1 creature vanquished.

Grand Total: 41 creatures vanquished

Notes
Turn   | Place    | Note
--------------------------------------------------------------
     0 | D:1      | Aumanor, the Deep Elf Wizard, began the quest for the Orb.
     0 | D:1      | Reached XP level 1. HP: 10/10 MP: 6/6
   279 | D:1      | Reached XP level 2. HP: 15/15 MP: 6/9
   283 | D:1      | Learned a level 2 spell: Blink
   985 | D:2      | Reached XP level 3. HP: 19/19 MP: 10/12
   990 | D:2      | Learned a level 3 spell: Mephitic Cloud
  1024 | D:2      | Found a shattered altar of Ashenzari.
  2054 | D:3      | Noticed haldagan's ghost (average OgGl)
  2074 | D:3      | Succumbed to a kobold's poison

Action                   || total
-------------------------++-------
Melee: Dagger            ||     2
 Cast: Magic Dart        ||    97
  Use: Potion            ||     8
